 Dungeon Crawl Stone Soup version 0.17-a0-227-gf5308cc (webtiles) character file.

1697 Pikaro the Basher (level 9, -2/147 HPs)
             Began as an Ogre Fire Elementalist on Mar 30, 2015.
             Was an Initiate of Ashenzari.
             Succumbed to an orc wizard's poison
             ... on level 7 of the Dungeon.
             The game lasted 00:30:08 (7913 turns).

Pikaro the Basher (Ogre Fire Elementalist)          Turns: 7913, Time: 00:30:08

Health: -2/147     AC: 24    Str: 15    XL:     9   Next: 3%
Magic:  14/15      EV:  1    Int: 17    God:    Ashenzari [......]
Gold:   327        SH:  0    Dex: 10    Spells: 2 memorised, 8 levels left

rFire  . . .     SeeInvis .     x - +0 flail
rCold  . . .     Clarity  .     (armour currently unavailable)
rNeg   + + +     SustAb   .     (no shield)
rPois  +         Gourm    .     (helmet currently unavailable)
rElec  .         Spirit   .     (cloak currently unavailable)
rCorr  .         Warding  .     (gloves unavailable)
rMut   .         NoTele   +     (boots unavailable)
MR     .....                    d - amulet of regeneration {+regen, !d}
Stlth  ++........               (no ring)
                                (no ring)

@: lethally poisoned (-2 -> -48), tree-form, very slightly contaminated, not
resistant to hostile enchantments, unstealthy
A: unfitting armour, (tough skin 0)
a: Renounce Religion


You were on level 7 of the Dungeon.
You worshipped Ashenzari.
Ashenzari was noncommittal.
You were not hungry.
You were a tree.
You visited 1 branch of the dungeon, and saw 7 of its levels.

You collected 327 gold pieces.

Inventory:

Hand weapons
 m - a +0 giant club
   (You took it off an ogre on level 6 of the Dungeon)
 r - a +0 blowgun
   (You took it off a kobold on level 4 of the Dungeon)
 x - a +0 flail (weapon)
   (You took it off an orc on level 6 of the Dungeon)
Missiles
 e - 37 poisoned needles
 p - 5 javelins (quivered)
 A - 7 silver tomahawks
 B - 3 tomahawks
Armour
 a - a +0 robe (melded)
Magical staves
 u - a cursed staff of energy {+MP, hungerless spells, !d!a}
   (You found it on level 5 of the Dungeon)
Jewellery
 d - an amulet of regeneration (around neck) {+regen, !d}
   (You found it on level 1 of the Dungeon)
 f - an uncursed amulet of stasis {Stasis, !d}
   (You found it on level 2 of the Dungeon)
 o - an uncursed ring of teleportation {+/*tele, !d}
   (You found it on level 2 of the Dungeon)
 y - an uncursed amulet of clarity {Clar, !d}
   (You found it on level 6 of the Dungeon)
Magical devices
 n - a wand of lightning (9)
   (You found it on level 6 of the Dungeon)
Scrolls
 g - a scroll of random uselessness {unknown}
 s - a scroll of magic mapping {!r}
 t - a scroll of fog
 v - 2 scrolls of remove curse
 w - a scroll of recharging
 C - a scroll of enchant weapon {unknown}
 D - a scroll of identify
Potions
 h - 2 potions of magic
 i - a potion of flight
Books
 b - a book of Flames
Comestibles
 c - 2 meat rations
 k - 3 bread rations
 l - 2 chunks of flesh
 q - 3 beef jerkies


   Skills:
 + Level 9.2 Fighting
 + Level 9.3 Maces & Flails
 + Level 4.7 Throwing
 - Level 1.7 Dodging
 - Level 1.5 Stealth
 - Level 2.4 Spellcasting
 - Level 1.1 Conjurations
 - Level 2.1 Fire Magic


You had 8 spell levels left.
You knew the following spells:

 Your Spells              Type           Power        Failure   Level  Hunger
A - Flame Tongue          Conj/Fire      #....        12%         1    #......
B - Conjure Flame         Conj/Fire      #.......     30%         3    ###....


Dungeon Overview and Level Annotations

Branches:
Dungeon (7/15)
 Temple: D:4-7

Altars:
Ashenzari
Dithmenos
Fedhas
Okawaru
Qazlal
Trog
The Shining One

Shops:
D:6 *


Innate Abilities, Weirdness & Mutations

You are too large for most types of armour.
((You have tough skin (AC +1).))


Message History

The flame tongue hits something.
You feel very sick. Something hits you.
You are more poisoned.
Something hits you.
* * * LOW HITPOINT WARNING * * *
You are more poisoned.
The orc barely misses you.
You take 11 damage, and have 26/98 hp.
You now have 13/15 mp.
Drink which item? (? for menu, Esc to quit)
You feel much better.
You feel very sick. Something hits you.
You are more poisoned.
The orc closely misses you.
You regained 9 hp, and now have 35/98 hp.
You are alive.
You are lethally poisoned (35 -> -26).
You are very lightly contaminated with residual magic.
Your movement speed is average.
Your attack speed is average.
You are not resistant to hostile enchantments.
You feel very unstealthy.
Drink which item? (? for menu, Esc to quit)
Really quaff
j - a potion of lignification {!q}?
You turn into a tree.
Your +0 robe melds into your body.
Your roots penetrate the ground.
You feel very sick. Something hits you but does no damage.
You are more poisoned.
Something hits you but does no damage.
You now have 46/147 hp.
You are alive.
You are lethally poisoned (46 -> -16).
You are a tree.
You are very lightly contaminated with residual magic.
Your movement speed is average.
Your attack speed is average.
You are not resistant to hostile enchantments.
You feel unstealthy.
You miss something.
* * * LOW HITPOINT WARNING * * *
You feel very sick. Something completely misses you.
The orc hits you but does no damage.
You take 5 damage, and have 41/147 hp.
You hit the orc.
* * * LOW HITPOINT WARNING * * *
You feel very sick. Something hits you but does no damage.
You are more poisoned.
The orc hits you with a flail.
* * * LOW HITPOINT WARNING * * *
You hear some strange, mumbled words.
A puff of flame appears from out of thin air!
Helpless, you fail to dodge the puff of flame.
* * * LOW HITPOINT WARNING * * *
You take 10 damage, and have 31/147 hp.
HP below 25%!
You closely miss something.
* * * LOW HITPOINT WARNING * * *
You feel very sick. Something hits you but does no damage.
The orc hits you but does no damage.
You take 5 damage, and have 26/147 hp.
You miss something.
* * * LOW HITPOINT WARNING * * *
You feel very sick.
Something hits you but does no damage. x2
You are more poisoned.
The orc hits you but does no damage.
You take 5 damage, and have 21/147 hp.
You miss something.
* * * LOW HITPOINT WARNING * * *
You feel very sick. Something hits you but does no damage.
You are more poisoned.
You take 5 damage, and have 16/147 hp.
You hit something.
* * * LOW HITPOINT WARNING * * *
You feel very sick. Something hits you but does no damage.
The orc hits you but does no damage.
You take 5 damage, and have 11/147 hp.
Unknown command.
You hit something.
* * * LOW HITPOINT WARNING * * *
You feel very sick. Something hits you but does no damage.
The orc hits you but does no damage.
You hear some strange, mumbled words.
A puff of frost appears from out of thin air!
The puff of frost hits you!
You take 5 damage, and have 6/147 hp.
Unknown command.
You hit something!
Reactivating autopickup.
You feel a bit more experienced.
* * * LOW HITPOINT WARNING * * *
You feel very sick. The orc hits you but does no damage.
You take 4 damage, and have 2/147 hp.
Unknown command.
You cannot move.
You hit the orc.
You kill the orc!
You die...

..# #........ #
#........ #........
#........ #.##.....
#.###.... ##### #.#
##...
....#####.(.### #.#
##..
.......)♣.....# #.#
##.
.......)).....###.#
#.
###########...##.#
#. ##...#.# .
##..#.# ##...#
##..# #.... ##.....


There were no monsters in sight!

Vanquished Creatures
  Menkaure (D:4)
  A black bear (D:7)
  An ogre (D:6)
  2 centaurs
  2 ice beasts
  Duvessa (D:6)
  Blork the orc (D:7)
  3 giant frogs
  3 scorpions
  A goliath beetle (D:6)
  A crimson imp (D:5)
  Dowan (D:6)
  2 hounds
  2 orc priests
  A giant frog skeleton (D:7)
  3 orc wizards (D:7)
  2 iguanas
  2 worker ants
  A hound zombie (D:7)
  Terence (D:3)
  2 worker ant zombies
  4 adders
  A giant mite (D:4)
  An adder zombie (D:4)
  An adder skeleton (D:6)
  An ooze (D:3)
  11 orcs
  A bat skeleton (D:6)
  5 giant cockroaches
  11 goblins
  10 hobgoblins
  11 kobolds
  3 quokkas
  9 bats
  4 giant geckos
  A giant gecko skeleton (D:4)
  7 giant newts
  4 jackals (D:2)
  15 rats
134 creatures vanquished.

Vanquished Creatures (others)
  A kobold (D:1)
1 creature vanquished.

Grand Total: 135 creatures vanquished

Notes
Turn   | Place    | Note
--------------------------------------------------------------
     0 | D:1      | Pikaro, the Ogre Fire Elementalist, began the quest for the Orb.
     0 | D:1      | Reached XP level 1. HP: 16/16 MP: 3/3
   143 | D:1      | Reached skill level 1 in Conjurations
   177 | D:1      | HP: 4/16 [hobgoblin (4)]
   177 | D:1      | HP: 1/16 [hobgoblin (3)]
   558 | D:1      | Reached skill level 1 in Fighting
   558 | D:1      | Reached skill level 1 in Maces & Flails
   558 | D:1      | Reached XP level 2. HP: 25/27 MP: 5/5
   985 | D:2      | Found a stormy altar of Qazlal.
   996 | D:2      | Reached skill level 2 in Maces & Flails
   996 | D:2      | Reached XP level 3. HP: 31/35 MP: 6/6
  1140 | D:2      | HP: 7/35 [adder (3)]
  1143 | D:2      | Reached skill level 2 in Fighting
  1145 | D:2      | HP: 6/35 [poisoned by an adder]
  1150 | D:2      | HP: 6/35 [poisoned by an adder]
  1155 | D:2      | HP: 6/35 [poisoned by an adder]
  1162 | D:2      | HP: 8/35 [poisoned by an adder]
  1887 | D:3      | Reached skill level 3 in Maces & Flails
  1887 | D:3      | Reached XP level 4. HP: 41/44 MP: 8/8
  1903 | D:3      | Noticed Terence
  1913 | D:3      | Reached skill level 3 in Fighting
  2228 | D:3      | Killed Terence
  2530 | D:3      | Found a bloodstained altar of Trog.
  2993 | D:4      | Found a shattered altar of Ashenzari.
  3099 | D:4      | Reached XP level 5. HP: 47/54 MP: 9/9
  3146 | D:4      | Reached skill level 4 in Maces & Flails
  3187 | D:4      | Found a blossoming altar of Fedhas.
  3187 | D:4      | Found a glowing golden altar of the Shining One.
  3188 | D:4      | Found a shadowy altar of Dithmenos.
  3207 | D:4      | HP: 13/54 [poisoned by a kobold]
  3212 | D:4      | HP: 10/54 [poisoned by a kobold]
  3217 | D:4      | HP: 9/54 [poisoned by a kobold]
  3222 | D:4      | HP: 9/54 [poisoned by a kobold]
  3227 | D:4      | HP: 10/54 [poisoned by a kobold]
  3234 | D:4      | HP: 12/54 [poisoned by a kobold]
  3285 | D:3      | Learned a level 3 spell: Conjure Flame
  3327 | D:4      | HP: 9/54 [scorpion (7)]
  3333 | D:4      | HP: 9/54 [poisoned by a scorpion]
  3338 | D:4      | HP: 9/54 [poisoned by a scorpion]
  3344 | D:4      | HP: 10/54 [poisoned by a scorpion]
  3352 | D:4      | HP: 13/54 [poisoned by a scorpion]
  3606 | D:4      | Found an iron altar of Okawaru.
  3621 | D:4      | Became a worshipper of Ashenzari the Shackled
  3707 | D:4      | Reached skill level 4 in Fighting
  3721 | D:4      | Noticed Menkaure
  3857 | D:4      | Killed Menkaure
  3857 | D:4      | Reached skill level 5 in Fighting
  3857 | D:4      | Reached skill level 5 in Maces & Flails
  3857 | D:4      | Reached XP level 6. HP: 30/66 MP: 4/11
  4488 | D:5      | Entered Level 5 of the Dungeon
  4564 | D:5      | HP: 15/66 [centaur (5)]
  4570 | D:5      | HP: 11/66 [centaur (10)]
  4572 | D:5      | Reached skill level 6 in Fighting
  4572 | D:5      | Reached skill level 6 in Maces & Flails
  4572 | D:5      | Reached XP level 7. HP: 32/75 MP: 9/12
  5075 | D:5      | Noticed Dowan
  5076 | D:5      | Noticed Duvessa
  5159 | D:6      | HP: 19/76 [Dowan/dagger of pain (5)]
  5159 | D:6      | HP: 9/76 [Duvessa/short sword (10)]
  5302 | D:6      | Reached skill level 7 in Maces & Flails
  5498 | D:6      | Found Wunodd's Whimsical Warehouse.
  5536 | D:6      | HP: 19/76 [centaur/shortbow (6)]
  5537 | D:6      | HP: 9/76 [centaur/shortbow (10)]
  5539 | D:6      | Reached skill level 7 in Fighting
  5539 | D:6      | Reached skill level 1 in Throwing
  5542 | D:6      | HP: 6/78 [poison (a potion of poison)]
  5547 | D:6      | HP: 5/78 [poison (a potion of poison)]
  5553 | D:6      | HP: 6/78 [poison (a potion of poison)]
  5559 | D:6      | HP: 8/78 [poison (a potion of poison)]
  5567 | D:6      | HP: 11/78 [poison (a potion of poison)]
  5771 | D:6      | Reached skill level 2 in Throwing
  6167 | D:6      | Killed Duvessa
  6167 | D:6      | Reached XP level 8. HP: 69/87 MP: 1/14
  6183 | D:6      | HP: 19/88 [Dowan/dagger of pain (6)]
  6303 | D:6      | Killed Dowan
  6303 | D:6      | Reached skill level 8 in Maces & Flails
  6404 | D:6      | Reached skill level 8 in Fighting
  6404 | D:6      | Reached skill level 3 in Throwing
  7318 | D:7      | Reached skill level 4 in Throwing
  7433 | D:7      | Noticed Blork the orc
  7481 | D:7      | Killed Blork the orc
  7481 | D:7      | Reached skill level 9 in Maces & Flails
  7592 | D:7      | Reached skill level 9 in Fighting
  7775 | D:7      | Reached XP level 9. HP: 64/98 MP: 15/15
  7906 | D:7      | HP: 36/147 [poisoned by an orc wizard]
  7909 | D:7      | HP: 16/147 [poisoned by an orc wizard]
  7911 | D:7      | HP: 6/147 [poisoned by an orc wizard]
  7912 | D:7      | HP: 2/147 [poisoned by an orc wizard]
  7913 | D:7      | Succumbed to an orc wizard's poison

Action                   |  1- 3 |  4- 6 |  7- 9 || total
-------------------------+-------+-------+-------++-------
Melee: Club              |    14 |       |       ||    14
       Unarmed           |     4 |       |       ||     4
       Mace              |   129 |   246 |   193 ||   568
       Flail             |       |       |   185 ||   185
 Fire: Blowgun           |       |       |    14 ||    14
Throw: Javelin           |       |       |     4 ||     4
 Cast: Flame Tongue      |     9 |    18 |    34 ||    61
       Conjure Flame     |       |       |     3 ||     3
  Use: Scroll            |     7 |     1 |     6 ||    14
       Potion            |       |     2 |     5 ||     7
 Stab: Sleeping          |       |     2 |       ||     2
       Distracted        |       |       |     1 ||     1
  Eat: Chunk             |     4 |    13 |    11 ||    28
       Meat ration       |       |       |     1 ||     1
       Beef jerky        |       |       |     1 ||     1

Vault maps used:
D:1:      dpeg_arrival_simpleton_c, lemuel_old_faithful
D:2:      nicolae_overflow_crystal_walls, solitary_fountain, grunt_ministairs_12
D:3:      lemuel_coloured_pillars_altar, uniq_terence
D:4:      minitemple, first_bread, uniq_menkaure
D:5:      minmay_temple_entry_overgrown, uniq_eustachio, uniq_duvessa
D:6:      nicolae_alphabet_shops, kennysheep_generic_room_5
D:7:      serial_pond, minmay_pond_plants_f, minmay_pond_plants_k,
          uniq_blork_the_orc

Table legend:
 A = Turns spent in this place as a percentage of turns spent in the entire game.
 B = Non-inter-level travel turns spent in this place as a percentage of non-inter-level travel turns spent in the entire game.
 C = Inter-level travel turns spent in this place as a percentage of turns spent in this place.
 D = Turns resting spent in this place as a percentage of non-inter-level travel turns spent in this place.
 E = Turns spent auto-exploring this place as a percentage of non-inter-level travel turns spent in this place.
 F = Non-inter-level travel turns spent in this place divided by the number of levels of this place that you've seen.
                   A       B       C       D       E      F
               +-------+-------+-------+-------+-------+----------------------
         Total | 100.0 | 100.0 |   0.2 |   5.0 |   5.0 | 429.6
       Dungeon | 100.0 | 100.0 |   0.2 |   5.0 |   5.0 | 429.6
               +-------+-------+-------+-------+-------+----------------------

Table legend:
 A = Kills in this place as a percentage of kills in entire the game.
 B = Kills by you in this place as a percentage of kills by you in the entire game.
 C = Kills by friends in this place as a percentage of kills by friends in the entire game.
 D = Other kills in this place as a percentage of other kills in the entire game.
 E = Experience gained in this place as a percentage of experience gained in the entire game.
 F = Experience gained in this place divided by the number of levels of this place that you have seen.
                   A       B       C       D       E      F
               +-------+-------+-------+-------+-------+----------------------
         Total | 100.0 | 100.0 |  -nan |  -nan | 100.0 | 346.4
       Dungeon | 100.0 | 100.0 |  -nan |  -nan | 100.0 | 346.4
               +-------+-------+-------+-------+-------+----------------------
